 Dungeon Crawl Stone Soup version 0.30-a0-1114-gd936c97349 (webtiles) character file.

Game seed: 10705398477933810124

9386 Indigowrites the Basher (level 11, -4/63 (68) HPs)
             Began as a Gargoyle Fighter on Apr 20, 2023.
             Killed from afar by an orc sorcerer (21 damage)
             ... with a bolt of negative energy
             ... on level 2 of the Orcish Mines.
             The game lasted 01:42:26 (7984 turns).

Indigowrites the Basher (Gargoyle Fighter)          Turns: 7984, Time: 01:42:28

HP:   -4/63 (68)    AC: 10    Str: 22    XL:     11   Next: 45%
MP:   11/11         EV: 16    Int:  9    God:
Gold: 803           SH:  0    Dex: 11    Spells: 10/10 levels left

rFire   . . .      SeeInvis .    a - +1 flail (vamp)
rCold   . . .      Faith    .    c - +0 buckler
rNeg    + . .      Spirit   .    b - +1 scale mail
rPois   ∞          Reflect  .    N - +0 helmet
rElec   +          Rampage  .    (no cloak)
rCorr   .                        t - +2 pair of gloves
Will    .....                    (no boots) Stlth
                                 (no amulet)
HPRegen 0.30/turn                m - +5 ring of evasion
MPRegen 0.12/turn                E - ring of flight

@: confused, corroded, flying, drained
A: sickness immunity, AC +8, negative energy resistance 1, electricity
resistance, torment resistance 1, petrification resistance
a: no special abilities


You were on level 2 of the Orcish Mines.
You visited 3 branches of the dungeon, and saw 13 of its levels.
You also visited: Sewer.

You collected 869 gold pieces.
You spent 66 gold pieces at shops.

Inventory:

Hand Weapons
 a - a +1 vampiric flail (weapon)
 l - a +0 mace
 r - a +0 spear
 u - a +0 quarterstaff
 A - a +1 war axe
 P - a +1 whip of electrocution
 Z - a +0 short sword
Missiles
 w - 15 poisoned darts
 z - 5 boomerangs
 X - a throwing net
Armour
 b - a +1 scale mail (worn)
 c - a +0 buckler (worn)
 f - a +2 pair of boots
 t - a +2 pair of gloves (worn)
 N - a +0 helmet (worn)
 Y - a +0 barding
Jewellery
 m - a +5 ring of evasion (left hand)
 E - a ring of flight (right hand)
 F - an amulet of faith
 G - a ring of magical power
 H - an amulet of guardian spirit
 I - a ring of flight
 S - an amulet of magic regeneration
Wands
 s - a wand of mindburst (18)
 J - a wand of iceblast (10)
Scrolls
 j - a scroll of immolation {unknown}
 o - 3 scrolls of noise {unknown}
 p - 3 scrolls of magic mapping
 y - 6 scrolls of identify
 K - 3 scrolls of amnesia (quivered)
 L - 2 scrolls of blinking {unknown}
 M - a scroll of butterflies {unknown}
 O - a scroll of enchant armour
 Q - a scroll of vulnerability {unknown}
 R - 2 scrolls of enchant weapon
 V - a scroll of fog {unknown}
 W - a scroll of fear
Potions
 d - 2 potions of might
 e - 2 potions of degeneration {unknown}
 g - 4 potions of mutation
 h - 2 potions of invisibility {unknown}
 i - 2 potions of curing
 k - 2 potions of attraction {unknown}
 q - a potion of lignification {unknown}
 x - 6 potions of heal wounds
 B - 4 potions of ambrosia {unknown}
 C - 2 potions of resistance
 D - 2 potions of flight
 U - 2 potions of haste {unknown}
Miscellaneous
 n - a lightning rod (3/4)


   Skills:
 + Level 8.1 Fighting
 + Level 3.6(7.4) Axes
 + Level 10.9(11.2) Maces & Flails
 + Level 0.1(2.1) Polearms
 + Level 9.0 Armour
 + Level 4.7 Dodging
 + Level 1.7 Stealth
 + Level 7.6 Shields
 + Level 0.3 Evocations


You had 10 spell levels left.
You didn't know any spells.
Your spell library contained the following spells:

 Spells                   Type           Power      Damage    Failure   Level
 Magic Dart               Conj           0%         1d3       75%         1
 Sandblast                Erth           0%         2d4       75%         1
 Call Imp                 Summ           0%         N/A       86%         2
 Passwall                 Tmut/Erth      0%         N/A       86%         2
 Dazzling Flash           Conj/Hex       0%         N/A       98%         3
 Mephitic Cloud           Conj/Pois/Air  0%         N/A       98%         3
 Stone Arrow              Conj/Erth      0%         3d7       98%         3
 Agony                    Necr           0%         N/A       100%        5
 Silence                  Hex/Air        0%         N/A       100%        5


Dungeon Overview and Level Annotations

Branches:
Dungeon (10/15)            Temple (1/1) D:5             Orc (2/2) D:10
  Sewer (visited)
   Lair: D:8-11         Elf: Orc:2

Altars:
Ashenzari
Cheibriados
Dithmenos
Elyvilon
Fedhas
Gozag
Hepliaklqana
Kikubaaqudgha
Makhleb
Nemelex Xobeh
Okawaru
Qazlal
Ru
Sif Muna
Trog
Uskayaw
Vehumet
Wu Jian
Xom
Yredelemnul
Zin
The Shining One

Shops:
D:5 !


Innate Abilities, Weirdness & Mutations

You are immune to sickness and miasma.
Your stone body is resilient. (AC +8)
You are immune to poison.
You resist negative energy. (rN+)
You are resistant to electric shocks. (rElec)
You are resistant to unholy torment.
You are immune to petrification.


Message History

The bolt of negative energy hits you! You partially resist.
You feel drained.
Items here: )) [ †.
Something barely misses you.
There is a stone staircase leading up here.
You hit the rust devil but do no damage.
The smoke demon hits you but does no damage.
The smoke demon misses you. The smoke demon completely misses you.
The rust devil hits you. The rust devil corrodes you!
Something hits you but does no damage.
The orc sorcerer is engulfed in poison gas.
The orc sorcerer is poisoned.
The orc wizard mumbles some strange words.
The orc wizard flickers and vanishes!
You closely miss something.
The smoke demon hits you but does no damage. x2
The smoke demon misses you. The rust devil closely misses you.
A puff of flame appears from out of thin air!
The puff of flame hits you but does no damage.
An orc wizard comes into view. It is wielding a +0 dagger.
You hit the orc sorcerer but do no damage.
The orc sorcerer is lightly wounded.
The smoke demon hits you.
* * * LOW HITPOINT WARNING * * *
The smoke demon misses you.
The smoke demon hits you but does no damage.
The rust devil hits you. The rust devil corrodes you!
You hit the smoke demon but do no damage.
The smoke demon disappears in a puff of smoke!
Something barely misses you. The orc sorcerer barely misses you.
An orc wizard comes into view. It is wielding a +0 dagger.
The rust devil hits you.
* * * LOW HITPOINT WARNING * * *
The rust devil corrodes you!
You sock the orc sorcerer!
You feel better.
The orc sorcerer is heavily wounded.
The orc wizard casts a spell.
The orc wizard flickers and vanishes!
Something barely misses you.
The orc sorcerer points at you and mumbles some strange words.
The bolt of negative energy hits you!! You partially resist.
You feel drained.
You die...

............#
#........... ..
...........#$..
##.........#..#
.#..............
..#.............
$....o..........
.o...{..@{......
.o.....§4o......
..o..........#..
........).......
................
...#............
................
...............#
........$.....#


You could see a rust devil (summoned), an orc sorcerer (poisoned), an orc
warrior, 2 orc wizards and an orc.

Vanquished Creatures
  4 two-headed ogres
  An orc sorcerer (Orc:1)
  Maggie (D:6)
  A kobold demonologist (D:10)
  An unseen horror (D:10)
  The ghost of hwolsky the Chopper, an amateur MiFi (D:7)
  2 trolls
  A hornet (D:9)
  A wraith (D:9)
  5 yaks
  2 steam dragons
  Menkaure (D:5)
  7 water moccasins
  2 black bears
  6 orc warriors
  An ice beast (D:5)
  3 ogres
  2 centaurs
  A phantom (D:6)
  A kobold brigand (D:6)
  3 bullfrogs
  4 scorpions
  5 wights (D:8)
  A killer bee (D:10)
  2 howler monkeys
  5 hounds
  4 orc priests
  2 jellies
  A gnoll bouda (D:8)
  5 iguanas
  3 sleepcaps
  6 orc wizards
  8 adders
  3 gnolls (D:8)
  A white imp (D:7)
  An ufetubus (D:7)
  2 worms
  A dart slug (D:3)
  20 orcs
  2 endoplasms
  3 giant cockroaches (D:3)
  3 goblins
  7 hobgoblins
  5 jackals
  3 quokkas
  5 ball pythons
  3 frilled lizards (D:1)
  7 kobolds
  3 rats (D:3)
162 creatures vanquished.

Vanquished Creatures (others)
  An ogre (Orc:2)
1 creature vanquished.

Grand Total: 163 creatures vanquished

Notes
Turn   | Place    | Note
-------+----------+-------------------------------------------
     0 | D:1      | Indigowrites the Gargoyle Fighter began the quest for the
                  | Orb.
     0 | D:1      | Reached XP level 1. HP: 14/14 MP: 1/1
   155 | D:1      | Reached XP level 2. HP: 17/19 MP: 2/2
   434 | D:2      | Reached XP level 3. HP: 19/23 MP: 3/3
   773 | D:3      | Reached XP level 4. HP: 17/28 MP: 4/4
   777 | D:3      | Found a glowing drain.
   787 | Sewer    | Entered a sewer
   825 | Sewer    | Noticed a water moccasin
   839 | Sewer    | Killed a water moccasin
   840 | Sewer    | Reached skill level 3 in Maces & Flails
   840 | Sewer    | Reached skill level 1 in Dodging
   840 | Sewer    | Reached XP level 5. HP: 33/33 MP: 5/5
  1182 | D:4      | Reached skill level 4 in Maces & Flails
  1292 | D:4      | Reached XP level 6. HP: 38/38 MP: 6/6
  1931 | D:5      | Entered Level 5 of the Dungeon
  2066 | D:5      | Found a staircase to the Ecumenical Temple.
  2143 | D:5      | Reached skill level 5 in Maces & Flails
  2143 | D:5      | Reached XP level 7. HP: 44/44 MP: 7/7
  2159 | D:5      | Found Vamme's Distillery.
  2168 | D:5      | Bought 2 potions of flight for 66 gold pieces
  2394 | D:5      | Found a basalt altar of Yredelemnul.
  2394 | D:5      | Found a hazy altar of Hepliaklqana.
  2432 | D:5      | Reached skill level 5 in Armour
  2509 | Temple   | Entered the Ecumenical Temple
  2672 | D:5      | Noticed Menkaure
  2692 | D:5      | Killed Menkaure
  2693 | D:5      | Reached skill level 6 in Maces & Flails
  2868 | D:6      | Noticed a steam dragon
  2876 | D:6      | Reached XP level 8. HP: 43/48 MP: 8/8
  2880 | D:6      | Reached skill level 5 in Fighting
  2880 | D:6      | Reached skill level 1 in Stealth
  3039 | D:6      | Reached skill level 7 in Maces & Flails
  3096 | D:6      | Identified the +3 spear of Indomitability {flame, Int+3}
  3250 | D:6      | Reached skill level 5 in Shields
  3577 | D:6      | Noticed Maggie
  3577 | D:6      | Paralysed by Maggie for 5 turns
  3625 | D:6      | Killed Maggie
  3626 | D:6      | Reached skill level 8 in Maces & Flails
  3626 | D:6      | Reached XP level 9. HP: 37/55 MP: 9/9
  4027 | D:7      | Noticed a two-headed ogre
  4043 | D:7      | Killed a two-headed ogre
  4044 | D:7      | Reached skill level 1 in Axes
  4069 | D:7      | Found a runed translucent door.
  4079 | D:7      | Noticed hwolsky's ghost (amateur MiFi)
  4107 | D:7      | Found a shimmering blue altar of Sif Muna.
  4140 | D:7      | HP: 1/56 [orc warrior/+0 glaive (16)]
  4392 | D:7      | Reached XP level 10. HP: 61/61 MP: 10/10
  4412 | D:7      | Reached skill level 9 in Maces & Flails
  4889 | D:7      | Killed hwolsky's ghost
  5707 | D:9      | Noticed a two-headed ogre
  5719 | D:9      | Killed a two-headed ogre
  5904 | D:9      | HP: 2/63 [yak (4)]
  5928 | D:9      | Reached skill level 10 in Maces & Flails
  6685 | D:10     | Entered Level 10 of the Dungeon
  6910 | D:10     | Found a staircase to the Orcish Mines.
  6928 | D:10     | Noticed a kobold demonologist
  6933 | D:10     | Noticed a rust devil
  6945 | D:10     | HP: 2/64 [troll (2)]
  6983 | D:10     | Killed a kobold demonologist
  6984 | D:10     | Reached XP level 11. HP: 53/68 MP: 11/11
  7024 | D:10     | Noticed a two-headed ogre
  7034 | D:10     | Killed a two-headed ogre
  7335 | Orc:1    | Entered Level 1 of the Orcish Mines
  7391 | Orc:1    | Noticed a two-headed ogre
  7404 | Orc:1    | Killed a two-headed ogre
  7575 | Orc:1    | Noticed an orc sorcerer
  7584 | Orc:1    | Killed an orc sorcerer
  7955 | Orc:2    | Entered Level 2 of the Orcish Mines
  7958 | Orc:2    | Noticed an orc sorcerer
  7961 | Orc:2    | Noticed a soul eater
  7984 | Orc:2    | Killed from afar by an orc sorcerer

Illustrated notes

Levels and vault maps discovered:
D:1:      ncdulo_watergridlock, layout_basic,
          hellmonk_ecumenical_altar_leap_of_faith, hangedman_decor_push
D:2:      layout_rooms, uniq_crazy_yiuf_cottage
D:3:      layout_basic, portal_sewer_entry_a, minivault_25,
          columned_hall_lemuel, serial_park_tiny_1, nicolae_elevator_lobby_plus
D:4:      layout_gridville, corner_web_ring
D:5:      layout_loops_cross, jmf_multi_god_temple,
          minmay_temple_entry_drinking_statues, serial_shops,
          nicolae_shop_industrial_runoff, lemuel_flamethrower_2, uniq_menkaure
D:6:      layout_loops_corners, minmay_holes, grunt_decor_arrowhead,
          grunt_ministairs_3, uniq_maggie
D:7:      layout_rooms, kennysheep_mini, hellmonk_ghost_happy_afterlife,
          kennysheep_cross_bottleneck, minivault_10, kennysheep_small_square
D:8:      layout_layer_cave
D:9:      layout_stronghold, grunt_ogre_cave
D:10:     layout_loops_ring, orc_0_dummy, minmay_fractal_squares_diagonal_5
Temple:   hellmonk_temple_of_storms
Orc:1:    layout_diamond_mine
Orc:2:    st_orc_mages, layout_caves, gammafunk_ghost_grave

Skill      XL: |  1  2  3  4  5  6  7  8  9 10 11 |
---------------+----------------------------------+-----
Armour         | 4 5 6 7 8 9 |  9.0
Maces & Flails | 3 4 5 6 8 10 | 10.9
Dodging        | 1 2 3 4 |  4.7
Fighting       | 4 5 6 7 8 |  8.1
Shields        | 4 5 7 |  7.6
Stealth        | 1 |  1.7
Axes           | 3 |  3.6
Polearms       | |  0.1
Evocations     | |  0.3

Action                     |  1- 3 |  4- 6 |  7- 9 | 10-12 || total
---------------------------+-------+-------+-------+-------++-------
  Melee: Flail             |   122 |   113 |   284 |   405 ||   924
         Spear             |       |    17 |       |       ||    17
         War axe           |       |       |    21 |       ||    21
  Evoke: Wand              |       |       |     1 |     2 ||     3
         Lightning rod     |       |       |       |     1 ||     1
    Use: Scroll            |     1 |     2 |     3 |    11 ||    17
         Potion            |     1 |       |     1 |     4 ||     6
 Armour: Scale mail        |    67 |    49 |   110 |   208 ||   434
  Dodge: Dodged            |   112 |    91 |   213 |   394 ||   810
  Block: Buckler           |    42 |    31 |    73 |   139 ||   285

Table legend: (Time is in decaauts)
 A = Elapsed time spent in this place.
 B = Non-inter-level travel time spent in this place.
 C = Inter-level travel time spent in this place.
 D = Time resting spent in this place.
 E = Time spent auto-exploring this place.
 F = Levels seen in this place.
 G = Mean time per level.
                   A        B        C        D        E       F      G
               +--------+--------+--------+--------+--------+-----+--------+
         Total |   8071 |   2203 |   5868 |      0 |    187 |  14 |  576.5 |
       Dungeon |   7164 |   1857 |   5307 |      0 |    187 |  10 |  716.4 |
        Temple |     42 |      1 |     41 |      0 |      0 |   1 |   42.0 |
  Orcish Mines |    640 |    120 |    520 |      0 |      0 |   2 |  320.0 |
         Sewer |    224 |    224 |      0 |      0 |      0 |   1 |  224.0 |
               +--------+--------+--------+--------+--------+-----+--------+

Top non-repeatable levels by time:
     D:9: 1325 daAuts
     D:6: 1139 daAuts
     D:7: 955 daAuts
     D:5: 919 daAuts
     D:4: 884 daAuts
    D:10: 643 daAuts
   Orc:1: 614 daAuts
     D:3: 443 daAuts
     D:8: 402 daAuts
     D:1: 296 daAuts
   Sewer: 224 daAuts
     D:2: 154 daAuts
  Temple: 42 daAuts
   Orc:2: 25 daAuts
